 Seeded DCSS version 0.30-a0-748-ge6a52f7cba (webtiles) character file.

Game seed: 5430720872467839093 (custom seed)

749 purpskrrrp the Grasshopper (level 7, -7/67 HPs)
             Began as a Troll Transmuter on Feb 8, 2023.
             Was an Initiate of Cheibriados.
             Mangled by a two-headed ogre
             ... wielding a +0 giant spiked club
              (19 damage)
             ... on level 4 of the Dungeon.
             The game lasted 00:07:25 (3344 turns).

purpskrrrp the Grasshopper (Troll Transmuter)       Turns: 3344, Time: 00:07:25

Health: -7/67      AC:  6    Str: 31    XL:     7   Next: 48%
Magic:  7/7        EV:  6    Int: 22    God:    Cheibriados [......]
Gold:   1120       SH: 20    Dex: 14    Spells: 7/8 levels left

rFire   . . .      SeeInvis .      - Unarmed
rCold   . . .      Faith    .    r - +8 tower shield "Fier" {Str+5 Int+4 Dex-2}
rNeg    . . .      Spirit   .    B - +2 robe of Binutifa {rPois Dex+5}
rPois   +          Reflect  .    (helmet restricted)
rElec   .          Harm     .    (no cloak)
rCorr   .          Rampage  .    (gloves unavailable)
Will    .....      Rnd*Tele +    (boots unavailable)
Stlth   +                        (no amulet)
HPRegen 1.11/turn                k - +6 ring of strength
MPRegen 0.10/turn                s - +6 ring of intelligence

@: studying Fighting, very slow
A: large, unfitting armour, claws 3, regeneration 1, shaggy fur 1, tough skin 1,
teleportitis 1
a: Renounce Religion


You were on level 4 of the Dungeon.
You worshipped Cheibriados.
Cheibriados was noncommittal.
You visited 2 branches of the dungeon, and saw 6 of its levels.

You collected 1547 gold pieces.
You spent 427 gold pieces at shops.

Inventory:

Missiles
 u - a throwing net
 x - 5 poisoned darts
Armour
 a - a +0 robe
 r - the +8 tower shield "Fier" (worn) {Str+5 Int+4 Dex-2}
   (You acquired it on level 2 of the Dungeon)

   Str:       It affects your strength (+5).
   Int:       It affects your intelligence (+4).
   Dex:       It affects your dexterity (-2).
 B - the +2 robe of Binutifa (worn) {rPois Dex+5}
   (You found it on level 3 of the Dungeon)

   Dex:       It affects your dexterity (+5).
   rPois:     It protects you from poison.
Jewellery
 k - a +6 ring of strength (left claw)
 n - a ring of protection from cold
 s - a +6 ring of intelligence (right claw)
 D - a ring of positive energy
Wands
 y - a wand of mindburst (13)
 C - a wand of roots (5)
Scrolls
 c - a scroll of poison {unknown}
 d - a scroll of torment {unknown}
 e - 3 scrolls of amnesia
 i - 2 scrolls of noise {unknown}
 j - 3 scrolls of teleportation {unknown}
 l - a scroll of brand weapon {unknown}
 m - a scroll of fear
 o - a scroll of fog {unknown}
 p - a scroll of immolation {unknown}
 q - 4 scrolls of enchant armour
 t - 2 scrolls of blinking
 v - 2 scrolls of identify
 w - a scroll of silence {unknown}
 E - a scroll of butterflies {unknown}
Potions
 b - 3 potions of lignification
 f - a potion of degeneration {unknown}
 g - 2 potions of attraction
 h - 2 potions of curing
 z - 2 potions of berserk rage {unknown}
 A - a potion of ambrosia {unknown}


   Skills:
 * Level 3.0 Fighting
 - Level 1.5 Dodging
 + Level 2.5 Shields
 + Level 4.3 Unarmed Combat
 - Level 1.2 Spellcasting
 * Level 4.8 Translocations
 - Level 1.4 Transmutations


You had 7 spell levels left.
You knew the following spells:

 Your Spells              Type           Power      Damage    Failure   Level
a - Beastly Appendage     Tmut           14%        N/A       54%         1

Your spell library contained the following spells:

 Spells                   Type           Power      Damage    Failure   Level
 Wereblood                Tmut           7%         N/A       67%         2
 Spider Form              Tmut/Pois      4%         N/A       94%         3
 Ice Form                 Ice/Tmut       4%         N/A       100%        4


Dungeon Overview and Level Annotations

Branches:
Dungeon (5/15)             Temple (1/1) D:4

Altars:
Cheibriados
Okawaru
Ru
Wu Jian

Shops:
D:2 ?


Innate Abilities, Weirdness & Mutations

You are too large for most types of armour.
You have claws for hands.
Your natural rate of healing is unusually fast.
You are covered in fur. (AC +1)
You have tough skin. (AC +1)
You are occasionally teleported next to monsters.


Message History

There is a stone staircase leading down here.
You start resting.
HP restored.
You start waiting.
Done waiting.
You climb downwards.
You block the ufetubus's attack. x3
The ufetubus hits you but does no damage.
The two-headed ogre hits you with a +0 giant spiked club!!
The two-headed ogre hits you with a +0 giant club!
The ufetubus barely misses you. The ufetubus closely misses you.
There is a stone staircase leading up, spattered with blood here.
You block the ufetubus's attack. x2
You climb upwards.
There is a stone staircase leading down here.
The ufetubus barely misses you.
The ufetubus hits you but does no damage.
You block the two-headed ogre's attack. x2
You block the ufetubus's attack. x2; The ufetubus completely misses you. x2
You block the ufetubus's attack. x2
You block the ufetubus's attack. x2
You feel better. You block the ufetubus's attack. x2
You closely miss the ufetubus. You block the ufetubus's attack.
The ufetubus hits you but does no damage.
You scratch the two-headed ogre but do no damage.
You block the two-headed ogre's attack. x2
You barely miss the two-headed ogre. You claw the two-headed ogre!
The two-headed ogre is moderately wounded.
The two-headed ogre hits you with a +0 giant spiked club!
You block the two-headed ogre's attack.
You scratch the two-headed ogre.
The two-headed ogre is moderately wounded.
The two-headed ogre hits you with a +0 giant spiked club!!
You block the two-headed ogre's attack.
You mangle the two-headed ogre!!
The two-headed ogre is heavily wounded.
The two-headed ogre hits you with a +0 giant spiked club!!
* * * LOW HITPOINT WARNING * * *
The two-headed ogre hits you with a +0 giant club!!
You die...

#############.#....
#........####.#.##.
#.............#.##.
#........######.##.
#..>....<..........
#..................
##5#........######.
#O#.######.######.
#@#...............
#.#..#####.#######
#..........##.....
############..####
##..........[...#
#...########.######
#...# #......†~~~~.
#...# #......######
#...########....##.


You could see a two-headed ogre and an ufetubus.

Vanquished Creatures
  The ghost of Dittersdorf the Covered, an amateur GrFi (D:4)
  Blork the orc (D:4)
  A bullfrog (D:4)
  A scorpion (D:4)
  A necrophage (D:2)
  2 orc priests
  An iguana (D:4)
  4 orc wizards
  9 gnolls
  6 adders
  A white imp (D:4)
  3 worms (D:4)
  A dart slug (D:4)
  5 orcs
  3 bats
  8 endoplasms
  3 giant cockroaches
  4 goblins
  7 hobgoblins
  7 jackals
  6 kobolds
  5 quokkas
  8 ball pythons
  2 frilled lizards
  3 rats
93 creatures vanquished.

Notes
Turn   | Place    | Note
-------+----------+-------------------------------------------
     0 | D:1      | purpskrrrp the Troll Transmuter began the quest for the
                  | Orb.
     0 | D:1      | Reached XP level 1. HP: 18/18 MP: 1/1
    67 | D:1      | Reached skill level 1 in Translocations
   116 | D:1      | Reached XP level 2. HP: 26/26 MP: 2/2
   906 | D:2      | Reached XP level 3. HP: 27/32 MP: 1/3
  1054 | D:2      | Noticed a necrophage
  1063 | D:2      | Killed a necrophage
  1064 | D:2      | Reached XP level 4. HP: 22/40 MP: 2/4
  1477 | D:2      | Found Doddoiw's Magic Scroll Shoppe.
  1493 | D:2      | Identified 4 scrolls of acquirement
  1493 | D:2      | Acquired the +8 tower shield "Fier" {Str+5 Int+4 Dex-2}
  1499 | D:2      | Acquired a +6 ring of intelligence
  1502 | D:2      | Acquired 587 gold pieces
  1504 | D:2      | Acquired 796 gold pieces
  1515 | D:2      | Bought a scroll of identify for 28 gold pieces
  1515 | D:2      | Bought a scroll of enchant armour for 105 gold pieces
  1515 | D:2      | Bought a scroll of enchant armour for 105 gold pieces
  1515 | D:2      | Bought a scroll of identify for 28 gold pieces
  1515 | D:2      | Bought a scroll of fear for 56 gold pieces
  1515 | D:2      | Bought a scroll of blinking for 105 gold pieces
  1530 | D:2      | Gained mutation: You are occasionally teleported next to
                  | monsters. [potion of mutation]
  1588 | D:3      | Found a faded altar of an unknown god.
  1711 | D:3      | Reached XP level 5. HP: 41/46 MP: 5/5
  1790 | D:3      | Found an iron altar of Okawaru.
  1882 | D:3      | Reached skill level 1 in Shields
  1886 | D:3      | Reached XP level 6. HP: 34/54 MP: 6/6
  1936 | D:3      | Identified the +3 short sword of the Manifold Quests
                  | {flame, rElec Int+5}
  2097 | D:3      | Identified the +2 robe of Binutifa {rPois Dex+5}
  2493 | D:4      | Found a runed translucent door.
  2494 | D:4      | Found a staircase to the Ecumenical Temple.
  2498 | D:4      | Noticed Dittersdorf's ghost (amateur GrFi)
  2604 | Temple   | Entered the Ecumenical Temple
  2637 | Temple   | Became a worshipper of Cheibriados the Contemplative
  2794 | D:4      | Noticed Blork the orc
  2802 | D:4      | Killed Blork the orc
  2803 | D:4      | Reached skill level 1 in Fighting
  2803 | D:4      | Reached XP level 7. HP: 62/62 MP: 7/7
  3100 | D:4      | Killed Dittersdorf's ghost
  3170 | D:5      | Entered Level 5 of the Dungeon
  3171 | D:5      | Noticed a two-headed ogre
  3344 | D:4      | Mangled by a two-headed ogre

Illustrated notes

Levels and vault maps discovered:
D:1:      dpeg_arrival_boxes_within_box, layout_basic
D:2:      layout_loops_ring, serial_shops, shop, nicolae_kite_square_tiling_tiny
D:3:      layout_rooms, okawaru_metal_pillars_3, ebering_ecumenical_altar_rust
D:4:      layout_basic, minmay_temple_entry_overgrown, ebering_ghost_sewer_d,
          minmay_manual_monstrance, uniq_blork_the_orc
D:5:      layout_basic, uniq_duvessa
Temple:   oiseaux_autumnal_temple

Skill      XL: |  1  2  3  4  5  6  7 |
---------------+----------------------+-----
Translocations | 1 3 4 |  4.8
Shields        | 1 2 |  2.5
Fighting       | 1 3 |  3.0
Unarmed Combat | 4 |  4.3
Dodging        | |  1.5
Spellcasting   | |  1.2
Transmutations | |  1.4

Action                     |  1- 3 |  4- 6 |  7- 9 || total
---------------------------+-------+-------+-------++-------
  Melee: Unarmed           |    66 |   145 |    46 ||   257
         Punch             |     2 |       |       ||     2
         Kick              |     3 |     2 |       ||     5
         Headbutt          |     3 |     2 |       ||     5
   Cast: Beastly Appendage |     4 |     5 |       ||     9
    Use: Scroll            |       |     7 |       ||     7
         Potion            |       |     1 |     1 ||     2
   Stab: Sleeping          |       |     1 |       ||     1
 Armour: Robe              |    34 |    38 |    13 ||    85
  Dodge: Dodged            |    32 |    24 |    11 ||    67
  Block: Tower shield      |       |   147 |    60 ||   207

Table legend: (Time is in decaauts)
 A = Elapsed time spent in this place.
 B = Non-inter-level travel time spent in this place.
 C = Inter-level travel time spent in this place.
 D = Time resting spent in this place.
 E = Time spent auto-exploring this place.
 F = Levels seen in this place.
 G = Mean time per level.
                   A        B        C        D        E       F      G
               +--------+--------+--------+--------+--------+-----+--------+
         Total |   3512 |   3311 |    201 |    150 |   2421 |   6 |  585.3 |
       Dungeon |   3452 |   3251 |    201 |    150 |   2421 |   5 |  690.4 |
        Temple |     60 |     60 |      0 |      0 |      0 |   1 |   60.0 |
               +--------+--------+--------+--------+--------+-----+--------+

Top non-repeatable levels by time:
     D:4: 1277 daAuts
     D:1: 821 daAuts
     D:2: 727 daAuts
     D:3: 613 daAuts
  Temple: 60 daAuts
     D:5: 13 daAuts
